Match 45210183
Unlisted

Match 45210183
End
Construct Infanterie Kompanie
Selects Terror Battlegroup
Selects Machine Gun Camouflage
MG 42 Machine Gun Team
GrW 34 Mortar Team
MG 42 Machine Gun Team
GrW 34 Mortar Team
Forward Retreat Point
Medical Bunker
Construct Luftwaffe Kompanie
Jäger Squad
Jäger Squad
Selects Defend the Fatherland
Jäger Squad
Jäger Squad
Construct Panzer Kompanie
Luftwaffe Officer Quarters
1224700982
3771707013
소화기
我的辫子在心中
RitraXP
season
dahoruru
桉树
0
0

Comments sign in to comment!

No comments posted yet!